 Dungeon Crawl Stone Soup version 0.22.1-2-g9c5b331383 (webtiles) character file.

15615 Knicklaso the Carver (level 12, -1/114 HPs)
             Began as a Tengu Berserker on Nov 26, 2018.
             Was a High Priest of Trog.
             Slain by a 12-headed hydra (3 damage)
             ... on level 2 of the Lair of Beasts.
             The game lasted 00:26:21 (11456 turns).

Knicklaso the Carver (Tengu Berserker)             Turns: 11456, Time: 00:26:22

Health: -1/114     AC:  8    Str: 28    XL:     12   Next: 28%
Magic:  13/13      EV: 19    Int:  7    God:    Trog [*****.]
Gold:   216        SH:  3    Dex: 17    Spells: 11/11 levels left

rFire    + . .     SeeInvis .   L - +7 lajatang "Beetlebane" {slice, rElec rF+ rC+}
rCold    + . .     Gourm    .   (shield currently unavailable)
rNeg     . . .     Faith    .   y - +2 leather armour {rPois}
rPois    +         Spirit   .   (helmet restricted)
rElec    +         Reflect  +   m - +0 cloak
rCorr    .         Harm     .   e - +0 pair of gloves
MR       .....                  (boots unavailable)
Stlth    ..........             N - +3 amulet of reflection
HPRegen  0.29/turn              q - +3 ring of dexterity
MPRegen  0.13/turn              r - +1 ring of protection

@: berserking, very quick
A: beak, talons 3, able to fly 1
a: Fly, Berserk, Trog's Hand, Brothers in Arms, Renounce Religion


You were on level 2 of the Lair of Beasts.
You worshipped Trog.
Trog was extremely pleased with you.
You were not hungry.

You visited 2 branches of the dungeon, and saw 12 of its levels.

You collected 560 gold pieces.
You spent 344 gold pieces at shops.

Inventory:

Hand Weapons
 a - a +0 demon blade of venom
 b - a +2 scimitar of flaming
 B - a +0 great sword of draining
 F - a +0 shortbow
 L - the +7 lajatang "Beetlebane" (weapon) {slice, rElec rF+ rC+}
   (You found it on level 10 of the Dungeon)

   It inflicts extra damage upon your enemies.
   It protects you from fire.
   It protects you from cold.
   It insulates you from electricity.
Missiles
 l - 419 stones (quivered)
 I - 158 arrows
Armour
 e - a +0 pair of gloves (worn)
 m - a +0 cloak (worn)
 w - a cursed +0 shield
 y - a +2 leather armour of poison resistance (worn)
Jewellery
 q - a +3 ring of dexterity (left hand)
 r - a +1 ring of protection (right hand)
 s - an uncursed ring of flight
 N - a +3 amulet of reflection (around neck)
 P - an uncursed ring of ice
 R - an uncursed ring of fire
Wands
 A - a wand of paralysis (45)
 E - a wand of scattershot (5)
 H - a wand of iceblast (6)
Scrolls
 d - 4 scrolls of remove curse
 i - 6 scrolls of identify
 j - 5 scrolls of enchant weapon
 p - 5 scrolls of teleportation {unknown}
 v - 4 scrolls of magic mapping {unknown}
 x - 2 scrolls of enchant armour {unknown}
 z - a scroll of fear {unknown}
 C - a scroll of brand weapon {unknown}
 G - a scroll of fog {unknown}
 K - 2 scrolls of blinking {unknown}
 M - a scroll of random uselessness {unknown}
 Q - a scroll of vulnerability {unknown}
Potions
 f - a potion of lignification {unknown}
 g - 2 potions of might {unknown}
 h - 6 potions of heal wounds
 k - 2 potions of curing
 n - a potion of mutation {unknown}
 o - 3 potions of agility
 t - a potion of haste {unknown}
 u - 2 potions of brilliance {unknown}
 D - a potion of flight {unknown}
 J - a potion of berserk rage {unknown}
 O - a potion of magic {unknown}
Comestibles
 c - 35 rations
 S - 8 chunks of flesh


   Skills:
 - Level 9.5 Fighting
 - Level 13.7 Long Blades
 * Level 9.2 Staves
 - Level 2.1 Armour
 - Level 10.0 Dodging


You had 11 spell levels left.
You didn't know any spells.
Your spell library was empty.

Dungeon Overview and Level Annotations

Branches:
Dungeon (10/15)            Temple (0/1) D:7            Lair (2/6) D:9
  Snake (0/4) Lair:2          Orc (0/2) D:10
  Swamp: Lair:2-4    Shoals: Lair:2-4

Altars:
Elyvilon
Gozag
Hepliaklqana
Kikubaaqudgha
Makhleb
Okawaru
Qazlal
Ru
Trog
Uskayaw
Vehumet
Wu Jian
Xom
Yredelemnul

Shops:
D:7 %(*   D:8 !


Innate Abilities, Weirdness & Mutations

You have a beak for a mouth.
You have claws for feet.
You can fly.


Message History

The 11-headed hydra bites you! The 11-headed hydra closely misses you.
You block the 11-headed hydra's attack. The 11-headed hydra bites you!
* * * LOW HITPOINT WARNING * * *
The 11-headed hydra bites you!
* * * LOW HITPOINT WARNING * * *
You slice one of the 11-headed hydra's heads off!
The ten-headed hydra grows two more!
You slice the 12-headed hydra!!
The 12-headed hydra is almost dead.
The 12-headed hydra bites you.
* * * LOW HITPOINT WARNING * * *
The 12-headed hydra bites you.
* * * LOW HITPOINT WARNING * * *
The 12-headed hydra bites you but does no damage.
The 12-headed hydra closely misses you.
The 12-headed hydra bites you but does no damage.
The 12-headed hydra barely misses you. The 12-headed hydra bites you!
* * * LOW HITPOINT WARNING * * *
The 12-headed hydra bites you but does no damage.
The 12-headed hydra bites you.
You die...

#..........#
#..........###
##............#
#...P####....## #...##
#.....#
##....####....###
#P.....###......#
#.......##...(..##
................@#
.................D......
..................P.....
...............".##.....
.....<...........# .....
..........#.#...## ....
.....#.........>. ...
................ #.#
.............


You could see a 12-headed hydra.

Vanquished Creatures
  Harold (D:7)
  A hydra (Lair:2)
  Erica (D:8)
  2 tengu warriors (D:9)
  Pikel (D:9)
  An oklob plant (D:6)
  2 spiny frogs
  A rime drake (Lair:2)
  A komodo dragon (Lair:1)
  A troll (D:10)
  A hornet (D:8)
  2 hippogriffs
  A spriggan (D:9)
  14 yaks
  2 wyverns
  Eustachio (D:4)
  A basilisk (Lair:1)
  Grum (D:9)
  A hungry ghost (D:10)
  A naga (Lair:2)
  2 water moccasins
  3 porcupines (Lair:2)
  2 orc warriors
  2 black bears
  5 sky beasts
  A slave (D:9)
  A hornet zombie (D:10)
  2 ice beasts
  A necrophage (D:6)
  2 phantoms
  3 ogres
  2 wolves (D:9)
  4 centaurs
  6 crocodiles
  8 bullfrogs
  A gnoll sergeant (D:7)
  A scorpion (D:9)
  6 killer bees (D:7)
  10 wights
  A howler monkey (D:5)
  4 crimson imps
  A bullfrog zombie (D:9)
  6 jellies
  A quasit (D:8)
  5 hounds
  9 orc priests
  Crazy Yiuf (D:2)
  16 orc wizards
  A bullfrog skeleton (D:10)
  A centaur skeleton (D:6)
  A gnoll shaman (D:10)
  2 iguanas
  7 worker ants
  A hound zombie (D:7)
  A worker ant zombie (D:8)
  Robin (D:4)
  13 gnolls
  11 adders
  5 oozes
  3 adder skeletons
  3 worms
  A dart slug (D:1)
  12 leopard geckos
  51 orcs
  7 giant cockroaches
  2 gnoll zombies (D:9)
  10 goblins
  10 hobgoblins
  22 jackals
  4 kobolds
  4 quokkas
  5 bats
  3 frilled lizards
  A jackal skeleton (D:4)
  2 rats
327 creatures vanquished.

Vanquished Creatures (collateral kills)
  A wyvern (D:9)
  An orc warrior (D:9)
  A worker ant zombie (D:9)
  An orc (D:9)
4 creatures vanquished.

Vanquished Creatures (others)
  A quasit (D:9)
  A hound (D:8)
  A quokka (D:9)
  A fungus (Lair:1)
4 creatures vanquished.

Grand Total: 335 creatures vanquished

Notes
Turn   | Place    | Note
-------+----------+-------------------------------------------
     0 | D:1      | Knicklaso the Tengu Berserker began the quest for the Orb.
     0 | D:1      | Reached XP level 1. HP: 14/14 MP: 2/2
    99 | D:1      | Reached XP level 2. HP: 19/19 MP: 3/3
   680 | D:1      | Reached XP level 3. HP: 20/23 MP: 4/4
   726 | D:1      | Reached skill level 4 in Long Blades
   993 | D:2      | Reached ** piety under Trog
  1141 | D:2      | Reached XP level 4. HP: 28/28 MP: 5/5
  1280 | D:2      | Found a runed door.
  1284 | D:2      | Noticed Crazy Yiuf
  1288 | D:2      | Killed Crazy Yiuf
  1603 | D:2      | Found a burning altar of Makhleb.
  1734 | D:2      | Gained mutation: You can fly. [Tengu growth]
  1734 | D:2      | Reached XP level 5. HP: 30/33 MP: 6/6
  1827 | D:3      | Found an opulent altar of Gozag.
  1892 | D:3      | Reached skill level 5 in Long Blades
  2397 | D:3      | Found an ancient bone altar of Kikubaaqudgha.
  2448 | D:3      | Found a hide-covered altar of Uskayaw.
  2942 | D:4      | Reached *** piety under Trog
  2942 | D:4      | Reached XP level 6. HP: 35/38 MP: 7/7
  3084 | D:4      | Noticed Robin
  3091 | D:4      | Killed Robin
  3140 | D:4      | Reached skill level 6 in Long Blades
  3386 | D:4      | Noticed Eustachio
  3399 | D:4      | Killed Eustachio
  3399 | D:4      | Reached XP level 7. HP: 28/44 MP: 8/8
  3846 | D:4      | Reached **** piety under Trog
  3999 | D:5      | Entered Level 5 of the Dungeon
  4062 | D:5      | Reached skill level 7 in Long Blades
  4066 | D:5      | Reached skill level 5 in Fighting
  4094 | D:5      | Found an ornate altar of the Wu Jian Council.
  4183 | D:5      | Got a sparkling crystal amulet
  4297 | D:5      | Found a white marble altar of Elyvilon.
  4300 | D:5      | Reached skill level 5 in Dodging
  4407 | D:6      | Found a shimmering altar of Xom.
  4407 | D:6      | Noticed an oklob plant
  4413 | D:6      | Killed an oklob plant
  4413 | D:6      | Reached skill level 8 in Long Blades
  4413 | D:6      | Reached XP level 8. HP: 51/51 MP: 9/9
  4604 | D:6      | Reached skill level 9 in Long Blades
  4654 | D:6      | Reached XP level 9. HP: 35/55 MP: 10/10
  4801 | D:6      | Found a hazy altar of Hepliaklqana.
  4825 | D:6      | Reached ***** piety under Trog
  5066 | D:6      | Found a radiant altar of Vehumet.
  5152 | D:6      | Reached skill level 10 in Long Blades
  5744 | D:7      | Found a stormy altar of Qazlal.
  5855 | D:7      | Noticed Harold
  5871 | D:7      | Killed Harold
  5871 | D:7      | Reached skill level 11 in Long Blades
  5871 | D:7      | Reached XP level 10. HP: 39/63 MP: 11/11
  6336 | D:7      | Found a staircase to the Ecumenical Temple.
  6472 | D:7      | Found Huut's Assorted Antiques.
  6521 | D:7      | Found Tixt's Weapon Emporium.
  6526 | D:7      | Bought a +0 demon blade of venom for 240 gold pieces
  6551 | D:7      | Found Rafofuda's Food Shop.
  6769 | D:8      | Paralysed by a hornet for 1 turns
  7047 | D:8      | Noticed Erica
  7053 | D:8      | Killed Erica
  7053 | D:8      | Reached skill level 12 in Long Blades
  7396 | D:8      | Found an iron altar of Okawaru.
  7516 | D:8      | Found a bloodstained altar of Trog.
  7535 | D:8      | Identified the amulet of Iddaguxo {Inacc rElec rC+ Int+7}
                  | (You found it on level 5 of the Dungeon)
  7536 | D:8      | Got a scorched scale mail
  7539 | D:8      | Identified the cursed +0 scale mail "Biuklorgh" {rF+ rN+
                  | MP+9 Int-4} (You found it on level 8 of the Dungeon)
  7699 | D:8      | Found Gonus's Distillery.
  7707 | D:8      | Bought a potion of agility for 52 gold pieces
  7707 | D:8      | Bought a potion of degeneration for 13 gold pieces
  7707 | D:8      | Bought a potion of curing for 39 gold pieces
  7848 | D:9      | Noticed a tengu warrior
  7848 | D:9      | Noticed a tengu warrior
  7883 | D:9      | Killed a tengu warrior
  7883 | D:9      | Reached XP level 11. HP: 40/69 MP: 12/12
  7886 | D:9      | Killed a tengu warrior
  8092 | D:9      | Reached skill level 13 in Long Blades
  8157 | D:9      | Noticed Pikel
  8167 | D:9      | Killed Pikel
  8388 | D:9      | Found a sacrificial altar of Ru.
  8625 | D:9      | Found a staircase to the Lair.
  8685 | D:9      | Received a gift from Trog
  8691 | D:9      | Found a basalt altar of Yredelemnul.
  8839 | D:9      | Noticed Grum
  8848 | D:9      | Killed Grum
  8959 | D:10     | Entered Level 10 of the Dungeon
  8971 | D:10     | Reached skill level 10 in Dodging
  9091 | D:10     | Got a pitted lajatang
  9095 | D:10     | Identified the +7 lajatang "Beetlebane" {slice, rElec rF+
                  | rC+} (You found it on level 10 of the Dungeon)
  9105 | D:10     | Reached skill level 1 in Staves
  9536 | D:10     | Found a staircase to the Orcish Mines.
  9689 | Lair:1   | Entered Level 1 of the Lair of Beasts
 10003 | Lair:1   | Reached skill level 5 in Staves
 10823 | Lair:2   | Found a staircase to the Snake Pit.
 10832 | Lair:2   | Noticed an eight-headed hydra
 10839 | Lair:2   | HP: 3/106 [nine-headed hydra (14)]
 10839 | Lair:2   | HP: 1/106 [nine-headed hydra (2)]
 10842 | Lair:2   | Killed a ten-headed hydra
 10842 | Lair:2   | Reached XP level 12. HP: 2/76 MP: 13/13
 11451 | Lair:2   | Noticed an eight-headed hydra
 11456 | Lair:2   | HP: 2/114 [12-headed hydra (16)]
 11456 | Lair:2   | Slain by a 12-headed hydra

Skill      XL: |  1  2  3  4  5  6  7  8  9 10 11 12 |
---------------+-------------------------------------+-----
Long Blades    | 4 5 6 8 9 11 12 13 | 13.7
Dodging        | 3 4 5 6 7 9 10 | 10.0
Fighting       | 4 5 6 7 8 9 |  9.5
Staves         | 7 9 |  9.2
Armour         | |  2.1

Action                   |  1- 3 |  4- 6 |  7- 9 | 10-12 || total
-------------------------+-------+-------+-------+-------++-------
Melee: Falchion          |    56 |   133 |    37 |       ||   226
       Kick              |    18 |    50 |    79 |   146 ||   293
       Peck              |     9 |    26 |    32 |    89 ||   156
       Short sword       |       |       |   146 |    59 ||   205
       Demon blade       |       |       |       |   193 ||   193
       Lajatang          |       |       |       |   123 ||   123
Throw: Stone             |       |    18 |     2 |     3 ||    23
Invok: Berserk           |       |     4 |     7 |    14 ||    25
       Trog's Hand       |       |       |       |     1 ||     1
       Brothers in Arms  |       |       |       |     1 ||     1
  Use: Scroll            |       |     6 |       |     5 ||    11
       Potion            |       |     1 |       |       ||     1
 Stab: Sleeping          |       |       |     3 |     1 ||     4
  Eat: Chunk             |       |    12 |    13 |    23 ||    48
       Ration            |       |       |       |     3 ||     3
Armor: Animal skin       |    11 |    16 |    23 |    21 ||    71
       Leather armour    |       |       |       |    37 ||    37
Dodge: Dodged            |    35 |    76 |   106 |   284 ||   501
Block: Other             |       |       |       |    29 ||    29
       Rpst.: Falchion   |    15 |    25 |     7 |       ||    47
       Demon blade       |       |       |       |    28 ||    28
